 Dungeon Crawl Stone Soup version 0.31-a0-331-geda263fcf1 (webtiles) character file.

Game seed: 4020764688684125408

652 LustLizard the Ruffian (level 7, -9/48 HPs)
             Began as an Octopode Shapeshifter on July 19, 2023.
             Was a Believer of Uskayaw.
             Mangled by a gnoll
             ... wielding a +0 halberd
             ... led by a gnoll bouda
              (15 damage)
             ... on level 5 of the Dungeon.
             The game lasted 00:06:50 (5624 turns).

LustLizard the Ruffian (Octopode Shapeshifter)      Turns: 5624, Time: 00:06:51

Health: -9/48      AC:  1    Str: 17    XL:     7   Next: 54%
Magic:  9/9        EV: 13    Int: 10    God:    Uskayaw [**....]
Gold:   216        SH:  0    Dex: 12    Spells: 6/6 levels left

rFire   . .          .
                       - Unarmed
rCold   . . .        (no shield)
rNeg    . . .        (helmet currently unavailable)
rPois   .            (no amulet)
rElec   .            (no ring)
rCorr   .            (no ring)
SInv    .            (no ring)
Will    .....        (no ring)
Stlth   +++          (no ring)
HPRegen 0.28/turn    (no ring)
MPRegen 0.11/turn    (no ring)
                     (no ring)

%: no passive effects
@: beast-form, weakened
A: beast (slay +2), almost no armour, amphibious, 8 rings, camouflage 1,
gelatinous body 1, (nimble swimmer 1), tentacles
a: Begin Untransformation, Renounce Religion, Stomp, Line Pass


You were on level 5 of the Dungeon.
You worshipped Uskayaw.
Uskayaw was noncommittal.
You were a hulking beast.
You visited 1 branch of the dungeon, and saw 5 of its levels.

You collected 216 gold pieces.

Inventory:

Missiles
 c - 2 throwing nets
 d - 16 poisoned darts
Jewellery
 g - a ring of fire
 m - a ring of ice
Talismans
 b - a beast talisman
Wands
 a - a wand of flame (13)
Scrolls
 f - a scroll of vulnerability {unknown}
 h - a scroll of torment {unknown}
 i - 4 scrolls of identify {unknown}
 j - 3 scrolls of enchant armour {unknown}
 k - a scroll of amnesia {unknown}
 l - 2 scrolls of teleportation {unknown}
 p - a scroll of poison {unknown}
 s - 2 scrolls of fog {unknown}
 t - a scroll of summoning {unknown}
Potions
 e - a potion of might {unknown}
 n - 2 potions of brilliance {unknown}
 o - 3 potions of ambrosia {unknown}
 q - 2 potions of curing {unknown}
 r - a potion of cancellation {unknown}
 u - a potion of heal wounds {unknown}


   Skills:
 + Level 4.0 Fighting
 - Level 2.0 Dodging
 + Level 1.0 Stealth
 * Level 5.5 Unarmed Combat
 + Level 3.0 Invocations
 + Level 4.2 Shapeshifting


You had 6 spell levels left.
You didn't know any spells.
Your spell library contained the following spells:

 Spells                   Type           Power      Damage    Failure   Level
 Ozocubu's Armour         Ice            0%         N/A       75%         3
 Metabolic Englaciation   Hex/Ice        0%         N/A       100%        5
 Simulacrum               Ice/Necr       0%         N/A       100%        6


Dungeon Overview and Level Annotations

Branches:
Dungeon (5/15)             Temple (0/1) D:4

Altars:
Ashenzari
Qazlal
Ru
Uskayaw
The Shining One

Shops:
D:2 [

Annotations:
D:3 1 runed translucent door, Crazy Yiuf


Innate Abilities, Weirdness & Mutations

You are a hulking beast.
Your limbs bulge with bestial killing power. (Slay +2)
You cannot wear most types of armour.
You are amphibious.
You can wear up to eight rings at the same time.
Your skin changes colour to match your surroundings (Stealth+).
Your rubbery body absorbs attacks. (AC +1, EV +1)
((You are camouflaged when in or above water. (Stealth+)))
You have tentacles for arms and can constrict up to eight enemies at once.


Message History

The gnoll bouda gazes fiercely through you!
You feel your attacks grow feeble.
The gnoll bouda hits you with a +0 club!
You hear a shout!
You barely miss the gnoll bouda. You grab the gnoll bouda.
You tentacle-slap the gnoll bouda.
The gnoll bouda is lightly wounded.
You constrict the gnoll bouda.
The gnoll bouda barks out a call to the hunt!
You tentacle-slap the gnoll bouda.
The gnoll bouda is moderately wounded.
You constrict the gnoll bouda.
The gnoll bouda hits you with a +0 club.
You tentacle-slap the gnoll bouda but do no damage.
You squeeze the gnoll bouda, but do no damage.
The gnoll bouda is moderately wounded.
You constrict the gnoll bouda.
The gnoll hits you from afar with a +0 halberd!
The gnoll bouda hits you with a +0 club!
You tentacle-slap the gnoll bouda. You squeeze the gnoll bouda.
The gnoll bouda is almost dead.
You constrict the gnoll bouda.
The gnoll hits you from afar with a +0 halberd!
* * * LOW HITPOINT WARNING * * *
The gnoll bouda misses you.
You can now pass through a line of other dancers.
You release your grip on the gnoll bouda.
The gnoll throws a throwing net.
The throwing net barely misses you. The gnoll completely misses you.
The gnoll bouda gazes fiercely through you!
You feel as though you will be weak longer.
The gnoll bouda misses you.
You see here a throwing net.
The gnoll hits you from afar with a +0 halberd.
* * * LOW HITPOINT WARNING * * *
There is a stone staircase leading down here.
You see here a +0 spear.
Unknown command.
The gnoll hits you from afar with a +0 halberd!
You die...

..........g....#
#......##
.....#..g......#
#....###
.....##........#
#^..##
.....#####'#####
#...# ###### #....#
#.).# ####.####...#
#.g##...##
##############g.#.###
...........)...gh.#
###################
..# #.......#
#.###.#####.# ......#
#.# #.####### #.#
..#.....# #.#
###.###.# #.#
###.#.#.###.#


You could see a gnoll bouda and 2 gnolls.

Vanquished Creatures
  Sigmund (D:5)
  A black bear (D:4)
  A phantom (D:5)
  A bullfrog (D:4)
  A jelly (D:5)
  2 hounds
  An iguana (D:5)
  An orc wizard (D:4)
  2 gnolls
  3 adders
  A shadow imp (D:4)
  7 orcs
  5 ball pythons
  11 bats
  6 endoplasms
  3 giant cockroaches
  9 hobgoblins
  5 jackals
  4 kobolds
  3 quokkas
  4 frilled lizards
  3 goblins
  A rat (D:1)
76 creatures vanquished.

Notes
Turn   | Place    | Note
-------+----------+-------------------------------------------
     0 | D:1      | LustLizard the Octopode Shapeshifter began the quest for
                  | the Orb.
     0 | D:1      | Reached XP level 1. HP: 14/14 MP: 1/1
   152 | D:1      | Reached XP level 2. HP: 14/19 MP: 2/2
   640 | D:1      | Reached XP level 3. HP: 25/25 MP: 3/3
   654 | D:1      | Found a faded altar of an unknown god.
  1030 | D:2      | Reached skill level 3 in Unarmed Combat
  1164 | D:2      | Found Buewkirat's Armour Emporium.
  1741 | D:3      | Found a runed translucent door.
  1742 | D:3      | Noticed Crazy Yiuf
  1765 | D:3      | Found a broken altar of Ashenzari.
  1980 | D:3      | Reached XP level 4. HP: 30/30 MP: 4/4
  2024 | D:3      | Found a hide-covered altar of Uskayaw.
  2066 | D:3      | Became a worshipper of Uskayaw the Reveller
  2316 | D:4      | Reached * piety under Uskayaw
  2320 | D:3      | Reached ** piety under Uskayaw
  2816 | D:4      | Noticed a bullfrog
  2917 | D:4      | Found a sacrificial altar of Ru.
  3058 | D:4      | Noticed a black bear
  3078 | D:4      | Reached XP level 5. HP: 36/36 MP: 5/5
  3080 | D:4      | Killed a black bear
  3081 | D:4      | Reached skill level 4 in Unarmed Combat
  3081 | D:4      | Reached skill level 1 in Invocations
  3236 | D:4      | Found a glowing golden altar of the Shining One.
  3274 | D:4      | Found a stormy altar of Qazlal.
  3427 | D:4      | Found a staircase to the Ecumenical Temple.
  3568 | D:5      | Entered Level 5 of the Dungeon
  3572 | D:5      | Reached XP level 6. HP: 40/42 MP: 7/7
  3579 | D:4      | Reached *** piety under Uskayaw
  3867 | D:5      | Noticed Sigmund
  3873 | D:5      | Killed Sigmund
  3874 | D:5      | Reached skill level 5 in Unarmed Combat
  3874 | D:5      | Reached XP level 7. HP: 30/47 MP: 7/9
  4366 | D:5      | Reached skill level 1 in Stealth
  5624 | D:5      | Mangled by a gnoll

Illustrated notes

Levels and vault maps discovered:
D:1:      dpeg_arrival_three_same_balls, layout_basic,
          dreamdust_ecumenical_altar_angels_and_demons
D:2:      layout_basic, serial_shops, shop
D:3:      layout_rooms, evilmike_ruin_ashenzari, nicolae_uskayaw_suspiria,
          uniq_crazy_yiuf_cottage
D:4:      layout_loops_corners, general_overflow_altar,
          nicolae_ru_great_annihilating_truth, mainiacjoe_overflow_tiny_flanked,
          minmay_temple_entry_statues, ebering_dispersal_statue_hall
D:5:      layout_basic, uniq_sigmund

Skill      XL: |  1  2  3  4  5  6  7 |
---------------+----------------------+-----
Unarmed Combat | 3 4 5 |  5.5
Fighting       | 3 4 |  4.0
Invocations    | 1 2 3 |  3.0
Shapeshifting  | 4 |  4.2
Stealth        | 1 |  1.0
Dodging        | |  2.0

Action                     |  1- 3 |  4- 6 |  7- 9 || total
---------------------------+-------+-------+-------++-------
  Melee: Unarmed           |    81 |    57 |    17 ||   155
         Constrict         |    21 |    12 |     5 ||    38
         Tentacles         |     8 |     9 |     8 ||    25
         Punch             |     3 |     2 |     2 ||     7
    Use: Potion            |       |     1 |       ||     1
   Stab: Sleeping          |     7 |     3 |       ||    10
         Paralysed         |       |     2 |       ||     2
 Armour: Skin              |     3 |     7 |       ||    10
  Dodge: Dodged            |    46 |    36 |    14 ||    96

Table legend: (Time is in decaauts)
 A = Elapsed time spent in this place.
 B = Non-inter-level travel time spent in this place.
 C = Inter-level travel time spent in this place.
 D = Time resting spent in this place.
 E = Time spent auto-exploring this place.
 F = Levels seen in this place.
 G = Mean time per level.
                   A        B        C        D        E       F      G
               +--------+--------+--------+--------+--------+-----+--------+
         Total |   5616 |   5406 |    210 |   1139 |   3639 |   5 | 1123.2 |
       Dungeon |   5616 |   5406 |    210 |   1139 |   3639 |   5 | 1123.2 |
               +--------+--------+--------+--------+--------+-----+--------+

Top non-repeatable levels by time:
     D:5: 1760 daAuts
     D:4: 1541 daAuts
     D:2: 860 daAuts
     D:1: 826 daAuts
     D:3: 627 daAuts
